| TOP OF THE 1ST |
|
Williamsport Crosscutters batting - Pitching for Boise Hawks : LHP Jared Lummus
|
|
Pitching: LHP Jared Lummus
|
|
|
Batting: RHB Prabhukumar Santhanakrishnan
|
0-0: Ball 1-0: Foul Ball, location: 2F 1-1: Ball 2-1: Ground out 6-3 (Groundball, 6, EV 103.8 MPH)
|
|
Batting: RHB Alan Weller
|
0-0: Ball 1-0: Ball 2-0: Foul Ball, location: 2F 2-1: Foul Ball, location: 2F 2-2: Ground out 5-3 (Groundball, 56, EV 105.6 MPH)
|
|
Batting: SHB Benjamin Brown
|
0-0: Ball 1-0: Foul Ball, location: 2F 1-1: Foul Ball, location: 2F 1-2: Ball 2-2: Ball 3-2: Base on Balls
|
|
Batting: RHB Jimmy Misener
|
0-0: Called Strike 0-1: Swinging Strike 0-2: Ball 1-2: Foul Ball, location: 2F 1-2: Strikes out swinging
|
| Top of the 1st over - 0 runs, 0 hits, 0 errors, 1 left on base; Williamsport 0 - Boise 0 |
| BOTTOM OF THE 1ST |
|
Boise Hawks batting - Pitching for Williamsport Crosscutters : LHP Pat Palazzolo
|
|
Pitching: LHP Pat Palazzolo
|
|
|
Batting: LHB Bill McGregor
|
0-0: Ball 1-0: Called Strike 1-1: Called Strike 1-2: Ball 2-2: Foul Ball, location: 2F 2-2: DOUBLE (Line Drive, 9LS, EV 110.6 MPH)
|
|
Batting: LHB Steve Gilliam
|
0-0: Ball 1-0: Called Strike 1-1: Swinging Strike 1-2: Strikes out swinging
|
|
Batting: RHB Ryan Rinaldi
|
0-0: Called Strike 0-1: Foul Ball, location: 2F 0-2: Ball 1-2: Foul Ball, location: 2F 1-2: Ball 2-2: Foul Ball, location: 2F 2-2: Ball 3-2: Foul Ball, location: 2F 3-2: Base on Balls
|
|
Batting: RHB Eric Delgado
|
0-0: Called Strike 0-1: Ball 1-1: Ball Wild Pitch! Bill McGregor to third Ryan Rinaldi to second 2-1: Fly out, F8 (Line Drive, 8RD, EV 103.1 MPH) Runner from 3rd tags up, SCORES, no throw by CF
|
|
Batting: RHB Elias Urbina
|
0-0: Swinging Strike 0-1: Ball Passed Ball! Ryan Rinaldi to third 1-1: Ball 2-1: 2-RUN HOME RUN (Flyball, 7D, EV 95.6 MPH), Distance : 373 ft
|
|
Batting: LHB Glenn Lowther
|
0-0: Ball 1-0: SINGLE (Groundball, 6MD, EV 94.4 MPH)
|
|
Batting: RHB Chris Tatum
|
0-0: Ball 1-0: Called Strike Glenn Lowther is caught stealing 2nd base 2-4
|
| Bottom of the 1st over - 3 runs, 3 hits, 0 errors, 0 left on base; Williamsport 0 - Boise 3 |
| TOP OF THE 2ND |
|
Williamsport Crosscutters batting - Pitching for Boise Hawks : LHP Jared Lummus
|
|
Batting: RHB Matt McDevitt
|
0-0: Called Strike 0-1: Swinging Strike 0-2: Ground out 6-3 (Groundball, 6, EV 81.9 MPH)
|
|
Batting: RHB Allen Gravel
|
0-0: SINGLE (Groundball, 34D, EV 108.8 MPH)
|
|
Batting: RHB Moritake Fukumoto
|
0-0: Ball 1-0: Called Strike 1-1: Grounds into double play, 1-6-3 (Groundball, 34S, EV 61.9 MPH)
|
| Top of the 2nd over - 0 runs, 1 hit, 0 errors, 0 left on base; Williamsport 0 - Boise 3 |
| BOTTOM OF THE 2ND |
|
Boise Hawks batting - Pitching for Williamsport Crosscutters : LHP Pat Palazzolo
|
|
Batting: RHB Chris Tatum
|
0-0: Ball 1-0: Called Strike 1-1: Foul Ball, location: 2F 1-2: Ground out 6-3 (Groundball, 6, EV 81.2 MPH)
|
|
Batting: LHB Zane Kelton
|
0-0: Foul Ball, location: 2F 0-1: Ball 1-1: Foul Ball, location: 2F 1-2: Strikes out looking
|
|
Batting: SHB Jamie Locke
|
0-0: Ball 1-0: Ground out 4-3 (Groundball, 4, EV 94.4 MPH)
|
| Bottom of the 2nd over - 0 runs, 0 hits, 0 errors, 0 left on base; Williamsport 0 - Boise 3 |
| TOP OF THE 3RD |
|
Williamsport Crosscutters batting - Pitching for Boise Hawks : LHP Jared Lummus
|
|
Batting: RHB Ken Gadberry
|
0-0: Swinging Strike 0-1: Foul Ball, location: 2F 0-2: Ball 1-2: Foul Ball, location: 2F 1-2: Ball 2-2: Ball 3-2: Base on Balls
|
|
Batting: RHB Cory Bonham
|
0-0: Called Strike 0-1: Called Strike 0-2: Ball 1-2: Strikes out swinging
|
|
Batting: RHB Prabhukumar Santhanakrishnan
|
0-0: Called Strike 0-1: Ball 1-1: Called Strike Balk! Ken Gadberry to second 1-2: Ball 2-2: Strikes out swinging
|
|
Batting: RHB Alan Weller
|
0-0: Called Strike 0-1: Ball 1-1: SINGLE (Groundball, 6MD, EV 105.6 MPH) Ken Gadberry to third Runner from 3rd tries for Home, SAFE, throw by CF to home Alan Weller to second
|
|
Batting: SHB Benjamin Brown
|
0-0: Ball 1-0: Ball 2-0: Ground out 6-3 (Groundball, 6, EV 104.4 MPH)
|
| Top of the 3rd over - 1 run, 1 hit, 0 errors, 1 left on base; Williamsport 1 - Boise 3 |
| BOTTOM OF THE 3RD |
|
Boise Hawks batting - Pitching for Williamsport Crosscutters : LHP Pat Palazzolo
|
|
Batting: LHB Bill McGregor
|
0-0: Ball 1-0: Called Strike 1-1: Swinging Strike 1-2: Ball 2-2: Strikes out swinging
|
|
Batting: LHB Steve Gilliam
|
0-0: Called Strike 0-1: Called Strike 0-2: Ball 1-2: Strikes out swinging
|
|
Batting: RHB Ryan Rinaldi
|
0-0: Ball 1-0: Ball 2-0: Ball 3-0: Base on Balls
|
|
Batting: RHB Eric Delgado
|
0-0: Ball 1-0: Ball 2-0: Foul Ball, location: 2F 2-1: Ground out 4-3 (Groundball, 4, EV 92.5 MPH)
|
| Bottom of the 3rd over - 0 runs, 0 hits, 0 errors, 1 left on base; Williamsport 1 - Boise 3 |
| TOP OF THE 4TH |
|
Williamsport Crosscutters batting - Pitching for Boise Hawks : LHP Jared Lummus
|
|
Batting: RHB Jimmy Misener
|
0-0: Called Strike 0-1: Ball 1-1: Called Strike 1-2: Strikes out swinging
|
|
Batting: RHB Matt McDevitt
|
0-0: Called Strike 0-1: Ground out 1-3 (Groundball, 15S, EV 67.5 MPH)
|
|
Batting: RHB Allen Gravel
|
0-0: Ground out 4-3 (Groundball, 4MS, EV 85.6 MPH)
|
| Top of the 4th over - 0 runs, 0 hits, 0 errors, 0 left on base; Williamsport 1 - Boise 3 |
| BOTTOM OF THE 4TH |
|
Boise Hawks batting - Pitching for Williamsport Crosscutters : LHP Pat Palazzolo
|
|
Batting: RHB Elias Urbina
|
0-0: Ball 1-0: Ground out 1-3 (Groundball, 34S, EV 70.6 MPH)
|
|
Batting: LHB Glenn Lowther
|
0-0: Called Strike 0-1: Ball 1-1: Ball 2-1: Swinging Strike 2-2: Strikes out swinging
|
|
Batting: RHB Chris Tatum
|
0-0: Called Strike 0-1: SINGLE (Groundball, 6M, EV 80.6 MPH) (infield hit)
|
|
Batting: LHB Zane Kelton
|
0-0: Swinging Strike 0-1: SINGLE (Groundball, 6MS, EV 71.9 MPH) (infield hit) Chris Tatum to second
|
|
Batting: SHB Jamie Locke
|
0-0: Ball 1-0: Ball 2-0: Called Strike 2-1: Fly out, F9 (Line Drive, 9, EV 88.8 MPH)
|
| Bottom of the 4th over - 0 runs, 2 hits, 0 errors, 2 left on base; Williamsport 1 - Boise 3 |
| TOP OF THE 5TH |
|
Williamsport Crosscutters batting - Pitching for Boise Hawks : LHP Jared Lummus
|
|
Batting: RHB Moritake Fukumoto
|
0-0: Ball 1-0: Foul Ball, location: 2F 1-1: Foul Ball, location: 2F 1-2: Ball 2-2: Ball 3-2: Strikes out swinging
|
|
Batting: RHB Ken Gadberry
|
0-0: Swinging Strike 0-1: Foul Ball, location: 2F 0-2: Ball 1-2: Strikes out swinging
|
|
Batting: RHB Cory Bonham
|
0-0: Called Strike 0-1: Ball 1-1: Ball 2-1: Ball 3-1: Swinging Strike 3-2: Foul Ball, location: 2F 3-2: Strikes out looking
|
| Top of the 5th over - 0 runs, 0 hits, 0 errors, 0 left on base; Williamsport 1 - Boise 3 |
| BOTTOM OF THE 5TH |
|
Boise Hawks batting - Pitching for Williamsport Crosscutters : LHP Pat Palazzolo
|
|
Batting: LHB Bill McGregor
|
0-0: Called Strike 0-1: Called Strike 0-2: Foul Ball, location: 2F 0-2: Ball 1-2: Foul Ball, location: 2F 1-2: Ball 2-2: Strikes out looking
|
|
Batting: LHB Steve Gilliam
|
0-0: Ball 1-0: Fly out, F9 (Line Drive, 9, EV 97.5 MPH)
|
|
Batting: RHB Ryan Rinaldi
|
0-0: Called Strike 0-1: Ball 1-1: Swinging Strike 1-2: Ground out 6-3 (Groundball, 6, EV 96.9 MPH)
|
| Bottom of the 5th over - 0 runs, 0 hits, 0 errors, 0 left on base; Williamsport 1 - Boise 3 |
| TOP OF THE 6TH |
|
Williamsport Crosscutters batting - Pitching for Boise Hawks : LHP Jared Lummus
|
|
Batting: RHB Prabhukumar Santhanakrishnan
|
0-0: Ball 1-0: Foul Ball, location: 2F 1-1: Ground out 5-3 (Groundball, 56S, EV 76.2 MPH)
|
|
Pitching: RHP Mike Clark
|
|
|
Batting: RHB Alan Weller
|
0-0: Ball 1-0: Swinging Strike 1-1: Called Strike 1-2: Foul Ball, location: 2F 1-2: Strikes out looking
|
|
Batting: SHB Benjamin Brown
|
0-0: Called Strike 0-1: Called Strike 0-2: Foul Ball, location: 2F 0-2: Ball 1-2: Strikes out swinging
|
| Top of the 6th over - 0 runs, 0 hits, 0 errors, 0 left on base; Williamsport 1 - Boise 3 |
| BOTTOM OF THE 6TH |
|
Boise Hawks batting - Pitching for Williamsport Crosscutters : LHP Pat Palazzolo
|
|
Batting: RHB Eric Delgado
|
0-0: Called Strike 0-1: Ball 1-1: Ball 2-1: Ball 3-1: Called Strike 3-2: Foul Ball, location: 2F 3-2: Strikes out swinging
|
|
Batting: RHB Elias Urbina
|
0-0: Called Strike 0-1: Foul Ball, location: 2F 0-2: Ball 1-2: Ball 2-2: Foul Ball, location: 2F 2-2: Ball 3-2: Fly out, F9 (Flyball, 9LM, EV 85.6 MPH)
|
|
Pitching: RHP Robbie Rojas
|
|
|
Batting: LHB Glenn Lowther
|
0-0: Ball 1-0: Fly out, F8 (Flyball, 8LXD, EV 94.4 MPH)
|
| Bottom of the 6th over - 0 runs, 0 hits, 0 errors, 0 left on base; Williamsport 1 - Boise 3 |
| TOP OF THE 7TH |
|
Williamsport Crosscutters batting - Pitching for Boise Hawks : RHP Mike Clark
|
|
Pitching: RHP Jim Butler
|
|
|
Batting: RHB Jimmy Misener
|
0-0: Ball 1-0: Ball 2-0: Ball 3-0: Called Strike 3-1: Base on Balls
|
|
Batting: RHB Matt McDevitt
|
0-0: Ball 1-0: Fielders Choice at 2nd, 4-6 (Groundball, 34, EV 80.6 MPH)
|
|
Batting: RHB Allen Gravel
|
0-0: Ball 1-0: Foul Ball, location: 2F 1-1: Fly out, F7 (Line Drive, 7, EV 107.5 MPH)
|
|
Batting: RHB Moritake Fukumoto
|
0-0: Ball 1-0: Ball 2-0: Called Strike 2-1: Ground out 3-1 (Groundball, 34S, EV 76.9 MPH)
|
| Top of the 7th over - 0 runs, 0 hits, 0 errors, 1 left on base; Williamsport 1 - Boise 3 |
| BOTTOM OF THE 7TH |
|
Boise Hawks batting - Pitching for Williamsport Crosscutters : RHP Robbie Rojas
|
|
Batting: RHB Chris Tatum
|
0-0: Foul Ball, location: 2F 0-1: Ball 1-1: Foul Ball, location: 2F 1-2: Ball 2-2: Strikes out swinging
|
|
Batting: LHB Zane Kelton
|
0-0: Swinging Strike 0-1: Foul Ball, location: 2F 0-2: Strikes out swinging
|
|
Batting: SHB Jamie Locke
|
0-0: Ball 1-0: Ground out 4-3 (Groundball, 4, EV 88.8 MPH)
|
| Bottom of the 7th over - 0 runs, 0 hits, 0 errors, 0 left on base; Williamsport 1 - Boise 3 |
| TOP OF THE 8TH |
|
Williamsport Crosscutters batting - Pitching for Boise Hawks : RHP Jim Butler
|
|
Pitching: RHP Mitch Guerrero
|
|
|
Batting: RHB Ken Gadberry
|
0-0: Foul Ball, location: 2F 0-1: Swinging Strike 0-2: Strikes out swinging
|
|
Batting: RHB Cory Bonham
|
0-0: Called Strike 0-1: Foul Ball, location: 2F 0-2: Ball 1-2: Ball 2-2: Foul Ball, location: 2F 2-2: Ground out 6-3 (Groundball, 6S, EV 77.5 MPH)
|
|
Pinch Hitting: LHB Tsuneharu Nishimura
|
0-0: Foul Ball, location: 2F 0-1: Ball 1-1: Ball 2-1: Ball 3-1: Called Strike 3-2: Foul Ball, location: 2F 3-2: Base on Balls
|
|
Batting: RHB Alan Weller
|
0-0: Ball 1-0: Ball Wild Pitch! Tsuneharu Nishimura to second 2-0: SINGLE (Line Drive, 7S, EV 93.8 MPH) Tsuneharu Nishimura to third Runner from 3rd tries for Home, SAFE, throw by LF to home
|
|
Now in LF: Greg Valenzuela
|
|
|
Batting: SHB Benjamin Brown
|
0-0: Ball 1-0: Called Strike 1-1: Ball 2-1: Foul Ball, location: 2F 2-2: Ball 3-2: Strikes out looking
|
| Top of the 8th over - 1 run, 1 hit, 0 errors, 1 left on base; Williamsport 2 - Boise 3 |
| BOTTOM OF THE 8TH |
|
Boise Hawks batting - Pitching for Williamsport Crosscutters : RHP Robbie Rojas
|
|
Now in CF: Tsuneharu Nishimura
|
|
|
Batting: LHB Bill McGregor
|
0-0: Ball 1-0: Ball 2-0: Ball 3-0: Base on Balls
|
|
Batting: LHB Steve Gilliam
|
0-0: Sac Bunt to 13 - play at first, batter OUT! 1-4 Bill McGregor to second
|
|
Batting: RHB Ryan Rinaldi
|
0-0: Ball 1-0: Ball 2-0: Ground out 3-1 (Groundball, 34, EV 87.5 MPH) Bill McGregor to third
|
|
Batting: RHB Eric Delgado
|
0-0: Ball 1-0: Foul Ball, location: 2F 1-1: Fly out, F8 (Flyball, 8LD, EV 105.6 MPH)
|
| Bottom of the 8th over - 0 runs, 0 hits, 0 errors, 1 left on base; Williamsport 2 - Boise 3 |
| TOP OF THE 9TH |
|
Williamsport Crosscutters batting - Pitching for Boise Hawks : RHP Mitch Guerrero
|
|
Pitching: LHP Dan Ott
|
|
|
Now at 2B: Jamie Locke
|
|
|
Now at 3B: Matt Cone
|
|
|
Batting: RHB Jimmy Misener
|
0-0: Called Strike 0-1: Foul Ball, location: 2F 0-2: Ball 1-2: Strikes out swinging
|
|
Batting: RHB Matt McDevitt
|
0-0: Ball 1-0: Called Strike 1-1: Swinging Strike 1-2: Strikes out swinging
|
|
Batting: RHB Allen Gravel
|
0-0: Swinging Strike 0-1: Called Strike 0-2: Foul Ball, location: 2F 0-2: Ball 1-2: Ball 2-2: Strikes out swinging
|
| Top of the 9th over - 0 runs, 0 hits, 0 errors, 0 left on base; Williamsport 2 - Boise 3 |
|